[Event "125-Jahre Werder Bremen 2024"]
[Site "Bremen"]
[Date "2024.03.07"]
[Round "6.5"]
[White "Kopylov, Daniel"]
[Black "Wachinger, Nikolas"]
[Result "1-0"]
[ECO "D38"]
[WhiteElo "2346"]
[BlackElo "2442"]
[Annotator "TA"]
[PlyCount "125"]
[EventDate "2024.02.26"]
[EventType "swiss"]
[EventCountry "GER"]
[SourceTitle "playchess.com"]
[Source "ChessBase"]
[SourceQuality "1"]
[TimeControl "40/6000+30:1800+30"]

1. d4 Nf6 2. Nf3 d5 3. c4 e6 4. Nc3 Bb4 5. Bg5 h6 6. Bxf6 Qxf6 7. e3 O-O 8. Rc1 dxc4 9. Bxc4 c5 10. O-O cxd4 {[%emt 0:00:11] D38: Damengambit (Ragosin-Verteidigung).} 11. Ne4 Qe7 12. a3 Ba5 13. Qxd4 Rd8 14. Qe5 Bb6 15. Rfd1 Nc6 16. Rxd8+ Bxd8 17. Qh5 Bd7 $146 ({Predecessor:} 17... Na5 18. Bd3 Bd7 19. b4 Nc6 20. g4 Be8 21. g5 f5 22. gxf6 Bxh5 23. fxe7 Bxe7 {½-½ Sarana,A (2468)-Karavade,E (2418) Moscow Aeroflot op-A 16th 2017 (7)}) 18. g4 Rc8 19. Rd1 Na5 20. Bb5 Bxb5 21. Qxb5 a6 (21... Bc7 $11) 22. Qh5 $1 $16 Nb3 (22... Bb6 $16 {ist wohl besser.}) 23. g5 $18 Rc4 (23... Rc1 $142 24. Rxc1 Nxc1 25. gxh6 g6) 24. Nd6 $2 (24. gxh6 $1 $18 {ist der präzise Gewinnweg.} Rxe4 25. h7+ Kh8 26. Rxd8+ (26. Ne5 $2 Rxe5 27. Qxe5 Bc7 $19) 26... Qxd8 27. Ng5 (27. Qxf7 $2 Rg4+ 28. Kf1 Qd1+ 29. Ne1 Nd2#) 27... Rg4+ 28. Qxg4) 24... Rc1 $16 25. Rxc1 Nxc1 26. gxh6 (26. Ne4 Qf8 $14) 26... gxh6 {[%emt 0:04:44] [#]} (26... Qxd6 $2 27. Ne5 $18) 27. Ne5 $1 Qg5+ 28. Qxg5+ hxg5 29. Nxb7 (29. Nexf7 Bc7 $11) 29... Bc7 30. Nc4 Nb3 31. Nbd6 f5 32. e4 Nd4 33. exf5 exf5 34. h3 Kf8 35. b4 Ke7 36. Nb7 Nb3 37. Nb2 Ke6 38. Nd3 Kd5 39. Kg2 Bb6 40. f4 Be3 (40... gxf4 $1 $11 41. Kf3 Bc7) 41. fxg5 (41. Nbc5 $16 Nd4 (41... Nxc5 42. bxc5 gxf4 43. Kf3 $16) (41... Bxc5 $2 42. Nxc5 Nd4 43. fxg5 $18) 42. fxg5 (42. Nxa6 Kc4 $16) 42... Bxg5 43. Nxa6) 41... Bxg5 $14 42. Nbc5 Nxc5 43. bxc5 a5 44. Kg3 a4 45. h4 Bh6 46. Kf3 Kc6 47. h5 Kd5 $2 {[%emt 0:00:49] [#]} (47... Bg5 $11 {und Schwarz muss sich keine Sorgen machen.}) 48. Ke2 $2 (48. Nb2 $1 $18) 48... Kc6 49. Kd1 Kd5 50. Kc2 Bg7 $2 (50... f4 $11) 51. Nf4+ $18 Kc6 52. Kd3 Bh6 53. Ne6 Kd5 (53... f4 $18 54. Kc4 Kb7) 54. Nd4 Kxc5 55. Nxf5 Bc1 56. h6 Kd5 57. h7 Bb2 58. Ne7+ Ke6 59. Ng6 Kf7 60. h8=Q ({Schwächer ist} 60. h8=R Kxg6 61. Rh3 Bxa3 $11) 60... Bxh8 61. Nxh8+ Kg7 62. Kc4 Kxh8 63. Kb4 1-0

[Event "125-Jahre Werder Bremen 2024"]
[Site "Bremen"]
[Date "2024.03.07"]
[Round "6.6"]
[White "Pajeken, Jakob Leon"]
[Black "Schneider, Jana"]
[Result "1-0"]
[ECO "D37"]
[WhiteElo "2424"]
[BlackElo "2303"]
[Annotator "TA"]
[PlyCount "95"]
[EventDate "2024.02.26"]
[EventType "swiss"]
[EventCountry "GER"]
[SourceTitle "playchess.com"]
[Source "ChessBase"]
[SourceQuality "1"]
[TimeControl "40/6000+30:1800+30"]

1. d4 d5 2. c4 e6 3. Nc3 Nf6 4. Nf3 Nbd7 5. e3 Bd6 6. Bd3 {[%emt 0:02:04] D37: Queen's Gambit Declined: 5 Bf4.} a6 (6... c5 $11 {deserves consideration.}) 7. c5 $14 Be7 8. O-O O-O 9. Qc2 $146 ({Predecessor:} 9. b4 c6 10. Bb2 b6 11. a4 a5 12. b5 Bb7 13. bxc6 Bxc6 14. cxb6 Rb8 15. Nb5 {½-½ Gallevci,Y (2214)-Tuncer,T (2352) Ayvalik Plati 2022 (6)}) 9... h6 10. b4 Re8 11. Bb2 Bf8 12. Ne2 g6 13. Ne5 Nxe5 14. dxe5 Nd7 15. f4 c6 (15... Qe7 $16 {keeps fighting.} 16. Rac1 Nb8) 16. Nd4 Bg7 17. a4 Qc7 {[%emt 0:04:21] [#]} (17... Nf8 {might work better.} 18. b5 Bd7) 18. Bxg6 $1 $18 fxg6 19. Qxg6 Qd8 $2 (19... Re7 20. Nxe6 Nxe5 21. Qxg7+ (21. Nxc7 $2 Nxg6 22. Bxg7 Rxc7 $19) (21. Bxe5 Rxe6 $16) 21... Rxg7 22. Nxc7 Rxc7) 20. Nxe6 Rxe6 21. Qxe6+ Kh8 22. Qf7 Qg8 23. Qh5 Qf8 24. Rf3 a5 25. Rg3 axb4 26. Rf1 Rxa4 27. f5 {[%emt 0:03:21] Intending f6 and mate.} Bxe5 {[%emt 0:00:46] [#]} 28. f6 $1 Bxg3 (28... Bxb2 29. Rg7) 29. f7+ Be5 30. Bxe5+ Nxe5 31. Qxe5+ Kh7 32. Qe8 Kg7 33. Qe5+ Kh7 34. Qe8 $36 {[%emt 0:00:03][%mdl 2048] White fights for an advantage.} Kg7 {[%emt 0:00:04] [#]} 35. Rf6 $3 Ra1+ (35... Kxf6 36. Qxf8) 36. Kf2 {[%emt 0:00:08][%cal Of6g6] White wants to mate with Rg6+!} Ra2+ 37. Kg3 Bf5 {[%emt 0:00:23] Wards off Rg6+} 38. Qe5 (38. Rxf5 $142 b3 39. Rf4) 38... Be4 $2 (38... Bc2) 39. Rf2+ (39. Rxc6+ Kh7 40. Rf6 b3 $19 (40... Rxg2+ $2 41. Kh4 $19)) 39... Kh7 40. Rxa2 {[%emt 0:00:07][%cal Oa2a8] Threatens to win with Ra8!} Qxf7 {[%emt 0:01:08][%mdl 4096] Endgame. KQR-KQB} 41. Ra8 {[%emt 0:30:49] Active counter play!} Qg6+ 42. Kh4 Qg5+ 43. Qxg5 hxg5+ 44. Kxg5 Bd3 45. Ra4 b3 46. Rb4 Bc4 47. Rxb7+ Kg8 48. Rb4 (48. Kf6 $142 Be2 49. Rxb3 Kh7 50. Rb6 Bf1 51. Rxc6 Bxg2 52. Rc8 Bh3 53. Rd8) 1-0

[Event "125-Jahre Werder Bremen 2024"]
[Site "Bremen"]
[Date "2024.03.07"]
[Round "6.7"]
[White "Krastev, Alexander"]
[Black "Kopylov, Michael"]
[Result "1/2-1/2"]
[ECO "C00"]
[WhiteElo "2457"]
[BlackElo "2352"]
[Annotator "TA"]
[PlyCount "49"]
[EventDate "2024.02.26"]
[EventType "swiss"]
[EventCountry "GER"]
[SourceTitle "playchess.com"]
[Source "ChessBase"]
[SourceQuality "1"]
[TimeControl "40/6000+30:1800+30"]

1. e4 e6 2. d3 c5 3. Nf3 Nc6 4. g3 d5 5. Qe2 Nf6 6. Bg2 Be7 7. O-O dxe4 8. dxe4 e5 9. Rd1 Qc7 10. c3 (10. Bg5 {looks sharper.} Bg4 11. c3 Rd8 12. Na3) 10... O-O 11. Na3 Be6 12. Bg5 Rfd8 13. Nc4 Rxd1+ 14. Rxd1 Rd8 15. Rxd8+ {[%emt 0:38:44] The position is equal.} Bxd8 16. b3 b5 17. Bxf6 Bxf6 18. Ne3 b4 19. Nd5 Qa5 20. c4 (20. cxb4 {simplifies} Nxb4 21. Nxb4 cxb4 22. h4) 20... Nd4 21. Nxd4 cxd4 22. Qd2 Bxd5 23. exd5 Qc5 24. Be4 g6 25. g4 {[%emt 0:02:38] A rather calm draw.   Weighted Error Value: White=0.02 (flawless) /Black=0.03 (flawless) .  OK:         	White=7     	Black=10} 1/2-1/2

[Event "125-Jahre Werder Bremen 2024"]
[Site "Bremen"]
[Date "2024.03.07"]
[Round "6.8"]
[White "Meins, Gerlef"]
[Black "Colbow, Collin"]
[Result "1/2-1/2"]
[ECO "A13"]
[WhiteElo "2390"]
[BlackElo "2373"]
[Annotator "TA"]
[PlyCount "120"]
[EventDate "2024.02.26"]
[EventType "swiss"]
[EventCountry "GER"]
[SourceTitle "playchess.com"]
[Source "ChessBase"]
[SourceQuality "1"]
[TimeControl "40/6000+30:1800+30"]

1. c4 Nf6 2. Nf3 e6 3. g3 d5 4. Bg2 d4 5. e3 c5 6. exd4 cxd4 7. d3 Nc6 8. O-O Bc5 9. Bg5 h6 10. Bxf6 gxf6 11. Nbd2 a5 12. a3 f5 13. Re1 Qd6 (13... O-O $11 {keeps the balance.}) 14. Nb3 $16 Ba7 15. Rc1 a4 16. c5 Qd8 17. Nbd2 Bb8 (17... Bd7 $16 {is a better defense.}) 18. Nc4 Bc7 19. Nfe5 $36 {[%emt 0:03:33][%mdl 2048] White has strong initiative.} Nxe5 20. Nxe5 Ra5 21. Nc4 Ra6 22. Qd2 {[%emt 0:01:36] White is much more active.} Ra7 (22... Kf8 $16 {might work better.}) 23. Nd6+ $18 Bxd6 $2 (23... Kf8 24. Qb4 Kg8 25. Qxd4 (25. Bxb7 Bxd6 26. Bxc8 Bc7 $18) 25... Kh7) 24. cxd6 Ra6 25. Rc7 {[%emt 0:03:25] Hoping for Rec1.} Rxd6 26. Rec1 Bd7 27. Rxb7 Rb6 {[%emt 0:02:10] Repels Qb4} 28. Rxb6 (28. Ra7 $18) 28... Qxb6 $14 29. Rc4 Ke7 30. Qc1 (30. Bf3 {looks sharper.} e5 31. Qc1 Kd6 32. Rb4) 30... Rb8 31. Bc6 ({Better is} 31. Qxh6 $16 Qxb2 32. Bf3) 31... Qxb2 $11 32. Qxb2 (32. Bxa4 $2 {is the wrong capture.} Qxc1+ 33. Rxc1 Bxa4 $19) 32... Rxb2 33. Bxd7 Kxd7 34. Rxd4+ {[%emt 0:00:06][%mdl 4096] Endgame. KR-KR} Kc6 (34... Ke7 $11) 35. Rxa4 $14 Rb3 36. Ra7 Rxd3 37. Rxf7 Rxa3 38. Rf6 Kd5 39. Rxh6 e5 40. Rh4 e4 41. Rf4 ({White should try} 41. Rh8 $16) 41... Ke5 $11 42. Kg2 Ra2 43. Kh3 $1 Ra8 44. Kh4 Rg8 45. Kh3 Ra8 46. Kg2 Ra2 47. h4 e3 (47... Ra8 $11) 48. Rf3 $16 exf2 49. Rxf2 Ra3 50. Rf3 Ra2+ 51. Kh3 $1 Ra4 52. Rb3 ({White should play} 52. Re3+ $16 Kf6 53. Rb3) 52... Ra2 {[%emt 0:04:28] [#]} (52... f4 $1 $11) 53. Rb6 $1 Ra3 {[%emt 0:01:40] [#]} 54. Rb4 $1 Ra2 55. Rf4 Ra3 56. Rf1 Rb3 57. h5 (57. Kg2 $16) 57... Kf6 $11 {[%emt 0:01:02] The position is equal.} 58. Kh4 {[%emt 0:00:28] g4 is the strong threat.} Rb4+ 59. Rf4 Rb1 60. g4 Rh1+ {[%emt 0:00:14] White really could win this.   Weighted Error Value: White=0.26 (precise) /Black=0.26 (precise) .  Missed win:     	White=1     	---        Mistake:       	White=4     	Black=7      Inaccurate:     	White=4     	Black=2      OK:         	White=16    	Black=21     Best:        	White=2     	Black=4      Strong:       	White=4     	---} 1/2-1/2

[Event "125-Jahre Werder Bremen 2024"]
[Site "Bremen"]
[Date "2024.03.07"]
[Round "6.9"]
[White "Soderstrom, Adrian"]
[Black "Reuker, Jari"]
[Result "0-1"]
[ECO "C11"]
[WhiteElo "2288"]
[BlackElo "2383"]
[Annotator "RC"]
[PlyCount "86"]
[EventDate "2024.02.26"]
[EventType "swiss"]
[EventCountry "GER"]
[SourceTitle "playchess.com"]
[Source "ChessBase"]
[SourceQuality "1"]
[TimeControl "40/6000+30:1800+30"]

1. e4 e6 2. d4 d5 3. Nc3 Nf6 4. e5 Nfd7 5. Nce2 c5 6. c3 Nc6 7. Nf3 cxd4 8. cxd4 f6 9. Nf4 fxe5 10. Nxe6 Qb6 11. Nxf8 Rxf8 12. dxe5 Ndxe5 13. Be2 Bg4 14. Qxd5 Rd8 15. Qe4 Qa5+ 16. b4 Qxb4+ 17. Qxb4 Nxb4 18. Nxe5 Nc2+ 19. Kf1 Bxe2+ 20. Kxe2 Nxa1 21. Ba3 Rf4 22. Bb2 Nc2 23. Rc1 Nd4+ 24. Ke3 Ne6 25. Nd3 Rxd3+ 26. Kxd3 Rxf2 27. Rc2 Nf4+ 28. Kc3 Rxg2 29. Rxg2 Nxg2 30. Kd4 Nf4 31. Ke4 Ne6 32. Ke5 Kd7 33. h4 g5 34. h5 g4 35. Ke4 b5 36. Be5 a5 37. Kf5 Nc5 38. Kxg4 Ke6 39. Bc7 a4 40. Ba5 Nd3 41. a3 b4 42. axb4 Ne5+ 43. Kg5 Nc6 0-1

[Event "125-Jahre Werder Bremen 2024"]
[Site "Bremen"]
[Date "2024.03.07"]
[Round "6.10"]
[White "Hejazipour, Mitra"]
[Black "Pruijssers, Roeland"]
[Result "0-1"]
[ECO "D36"]
[WhiteElo "2356"]
[BlackElo "2537"]
[Annotator "TA"]
[PlyCount "80"]
[EventDate "2024.02.26"]
[EventType "swiss"]
[EventCountry "GER"]
[SourceTitle "playchess.com"]
[Source "ChessBase"]
[SourceQuality "1"]
[TimeControl "40/6000+30:1800+30"]

1. d4 d5 2. c4 e6 3. Nc3 Nf6 4. cxd5 exd5 5. Bg5 c6 6. e3 Be7 7. Qc2 Nbd7 8. Bd3 h6 9. Bh4 Nh5 10. Bxe7 Qxe7 11. Nge2 Nb6 12. h3 Be6 13. g4 Nf6 14. O-O-O {[%emt 0:01:10] Die Stellung ist ausgeglichen.} O-O-O 15. Kb1 Kb8 16. Nc1 Ne8 17. Nb3 Bc8 18. Ne2 (18. Rdg1 $11) 18... h5 $17 {[%emt 0:02:40] Schwarz hat alles unter Kontrolle.} 19. Bf5 Bxf5 20. Qxf5 Nd6 21. Qc2 Qh4 22. Ng3 hxg4 23. Nf5 (23. hxg4 $17 Qxg4 24. Nc5) 23... Nxf5 $19 24. Qxf5 gxh3 25. Qxf7 Qe4+ 26. Ka1 (26. Kc1 $142 Rd7 27. Qf4+ Qxf4 28. exf4) 26... Rd7 27. Qf4+ Qxf4 28. exf4 Re7 29. Nc5 (29. Rh2 $142) 29... Nc4 {[%emt 0:05:52] [#] ...Re2 ist eine echte Drohung.} 30. b3 Nd6 31. Rh2 Rh4 32. Nd3 Nb5 33. Ne5 Rxf4 34. a4 Rxd4 35. Re1 {[%emt 0:00:09] Und jetzt Nxc6+ wäre schön.} Nc3 {[%emt 0:15:47] ( -> ...Rd2)} ({Finger weg von} 35... Re4 36. Rxe4 dxe4 37. Ng4) 36. Rxh3 {[%emt 0:08:50] Droht Nxc6+ und aus.} Ne4 37. f4 a5 38. Rh7 Rd2 39. Rc1 {[%emt 0:01:08] Wehrt Nc3 ab} Rf2 40. Ng6 {[%emt 0:00:57] [#]} (40. Nd3 $19 Rf3 41. Rd1) 40... Nc3 $1 {[%emt 0:00:45][%mdl 512] Gewichteter Fehlerwert: Weiß=0.56/Schwarz=0.14 (sehr präzise) .  Fehler:       	Weiß=5     	---        Ungenau:       	Weiß=2     	Schwarz=2     OK:         	Weiß=8     	Schwarz=18    Bester:       	Weiß=1     	Schwarz=3     Brilliant:      	---       	Schwarz=1} 0-1

[Event "125-Jahre Werder Bremen 2024"]
[Site "Bremen"]
[Date "2024.03.07"]
[Round "6.11"]
[White "Guichard, Pauline"]
[Black "Knaak, Rainer"]
[Result "0-1"]
[ECO "D24"]
[WhiteElo "2385"]
[BlackElo "2450"]
[Annotator "RC"]
[PlyCount "50"]
[EventDate "2024.02.26"]
[EventType "swiss"]
[EventCountry "GER"]
[SourceTitle "playchess.com"]
[Source "ChessBase"]
[SourceQuality "1"]
[TimeControl "40/6000+30:1800+30"]

1. d4 Nf6 2. c4 e6 3. Nf3 d5 4. Bg5 dxc4 5. Nc3 a6 6. e3 b5 7. a4 c6 8. axb5 cxb5 9. Bxf6 gxf6 10. Nxb5 axb5 11. Rxa8 Bb4+ 12. Nd2 Bb7 13. Ra7 Qb6 14. Rxb7 Qxb7 15. Be2 Qxg2 16. Bf3 Qg6 17. e4 Nc6 18. Kf1 Ke7 19. Nb1 Rd8 20. Rg1 Qh6 21. d5 Ne5 22. Bg2 Qf4 23. Bh1 Nd3 24. Qc2 Bc5 25. Rg2 Qxe4 0-1

[Event "125-Jahre Werder Bremen 2024"]
[Site "Bremen"]
[Date "2024.03.07"]
[Round "6.12"]
[White "Wiegmann, Sascha"]
[Black "Radeva, Viktoria"]
[Result "0-1"]
[ECO "A08"]
[WhiteElo "2297"]
[BlackElo "2325"]
[Annotator "TA"]
[PlyCount "72"]
[EventDate "2024.02.26"]
[EventType "swiss"]
[EventCountry "GER"]
[SourceTitle "playchess.com"]
[Source "ChessBase"]
[SourceQuality "1"]
[TimeControl "40/6000+30:1800+30"]

1. e4 c5 2. Nf3 e6 3. d3 Nc6 4. g3 Nf6 5. Bg2 d5 6. Nbd2 g6 7. O-O Bg7 8. exd5 Nxd5 9. Ne4 b6 10. c4 (10. Nfd2 $11) 10... Nde7 $1 $15 11. Bg5 O-O {[%emt 0:00:50][%cal Of7f6] Black is slightly better.} 12. Bf6 Bxf6 13. Nxf6+ Kg7 14. Ng4 f6 15. Qd2 Qc7 ({Black should try} 15... Bb7 $15) 16. h4 (16. Qh6+ $11 Kg8 17. Qh4) 16... Nf5 $17 17. h5 Bb7 18. h6+ Kg8 19. Rae1 Ncd4 20. Nxd4 Nxd4 21. f4 Bxg2 22. Qxg2 Rad8 23. a3 Rd6 24. b4 Nf5 25. Rf3 Qd7 26. Qd2 Qc6 27. Qg2 Qd7 28. Qd2 $1 Nd4 29. Rfe3 Qb7 $36 {[%emt 0:03:54][%mdl 2048] [#] Strongly threatening ...Nf3+. Black is on the roll.} 30. Qb2 Nf3+ (30... Qc6 $17) 31. Kf2 $2 (31. Rxf3 $1 $11 {and White has nothing to worry.} Qxf3 32. Nxf6+ Rxf6 33. Qxf6 Qxg3+ (33... Qxd3 34. Qg7#) 34. Kf1 Qf3+ (34... Rxd3 35. Qg7#) (34... Qxd3+ 35. Kg2 $11) 35. Kg1 Qg3+ (35... Qxd3 36. Qg7#) 36. Kf1 Qxd3+ (36... Rxd3 37. Qg7#) 37. Kg2 Qd2+ 38. Kf3 Rd3+ (38... Qxe1 39. Qg7#) 39. Ke4 Rd4+ (39... Qxe1+ 40. Kxd3 Qd1+ 41. Ke3 $11) 40. Kf3 Rxf4+ (40... Qxe1 41. Qg7#) 41. Qxf4 Qxe1 42. Qb8+ Kf7 43. Qc7+ Ke8 44. Qc8+ Ke7 45. Qc7+ Kf6 46. Qf4+ Ke7 47. Qc7+ Ke8 48. Qc8+ Kf7 49. Qc7+ Ke8) 31... Nxe1 $19 32. Nxf6+ $2 {[%emt 0:01:36] [#]} (32. Kxe1 Qh1+ 33. Kd2) 32... Rxf6 $1 {[%emt 0:02:13] Black is clearly winning.} 33. Qxf6 Nxd3+ 34. Rxd3 Rxd3 35. Qxe6+ Kf8 {[%emt 0:00:57] ( -> ...Qf3+)} 36. Qf6+ Qf7 {[%emt 0:00:30] Weighted Error Value: White=0.66/Black=0.18 (very precise) .  Loses game:     	White=1     	---        Mistake:       	White=3     	Black=2      Inaccurate:     	White=2     	Black=2      OK:         	White=6     	Black=4      Best:        	---       	Black=2      Strong:       	White=1     	Black=1      Brilliant:      	---       	Black=1} 0-1

[Event "125-Jahre Werder Bremen 2024"]
[Site "Bremen"]
[Date "2024.03.08"]
[Round "7.1"]
[White "Aditya Mittal"]
[Black "Pajeken, Jakob Leon"]
[Result "1-0"]
[ECO "B90"]
[WhiteElo "2594"]
[BlackElo "2424"]
[Annotator "TA"]
[PlyCount "67"]
[EventDate "2024.02.26"]
[EventType "swiss"]
[EventCountry "GER"]
[SourceTitle "playchess.com"]
[Source "ChessBase"]
[SourceQuality "1"]
[TimeControl "40/6000+30:1800+30"]

1. e4 c5 2. Nf3 d6 3. d4 cxd4 4. Nxd4 Nf6 5. Nc3 a6 6. h3 e5 7. Nb3 Be6 8. f4 b5 9. Qf3 Nc6 {[%emt 0:01:10] The position is equal.} 10. g4 Be7 11. f5 Bxb3 12. axb3 Nd4 13. Qg2 {[%emt 0:00:33] White wants to play g5.} b4 {[%emt 0:19:05] [#] ...Qc8 is the strong threat.} 14. g5 $1 bxc3 15. bxc3 (15. gxf6 cxb2 16. Bxb2 Bxf6 $15 (16... gxf6 17. Bxa6 d5 18. Bxd4 $16)) 15... Nc6 ({Black should try} 15... Nxe4 $14 16. Qxe4 d5) 16. gxf6 $18 Bxf6 {[%emt 0:00:14] Black is weak on the light squares} 17. Bc4 {[%emt 0:03:10] White is much more active.} ({Don't do} 17. Bxa6 $6 O-O 18. Ra4 Ne7 $14) (17. Rxa6 Rxa6 18. Bxa6 Qa5 $11) 17... Qb6 (17... Qc7 $16) 18. Ke2 Ne7 19. Rd1 O-O {[%emt 0:02:22] [#]} (19... a5 $16 20. Rg1 Qb7) 20. Bg5 $1 Kh8 21. Bxf6 gxf6 22. Qf2 Qc6 23. Qh4 d5 24. Bxd5 Nxd5 25. exd5 ({Weaker is} 25. Rxd5 Rg8 $16) 25... Qd6 26. Qb4 Qd7 27. Qe4 Rg8 28. Rg1 $40 {[%emt 0:01:09][%mdl 128] White goes for the king.} Qb5+ $2 (28... Rxg1 29. Rxg1 Rg8 30. Rxg8+ Kxg8) 29. c4 Qc5 30. Qe3 Qd6 31. Kd3 e4+ (31... a5 $142 32. Rxg8+ Kxg8 33. Qg3+ Kf8) 32. Qxe4 {[%emt 0:01:35] White is clearly winning.} (32. Kxe4 $2 {perishes.} Rae8+ 33. Kd4 Qb6+ (33... Rxe3 $2 34. Rxg8+ Kxg8 35. Kxe3 $19) 34. c5 Qb4+ 35. c4 Rxe3 36. Rxg8+ Kxg8 $19) 32... Rge8 33. Qg4 Rg8 {[%emt 0:00:22] Wards off Qg7+} 34. Qd4 {[%emt 0:00:21] Weighted Error Value: White=0.03 (flawless) /Black=0.42.  Mistake:       	---       	Black=5      Inaccurate:     	---       	Black=2      OK:         	White=15    	Black=10     Best:        	White=1     	Black=2      Strong:       	White=2     	---} 1-0

[Event "125-Jahre Werder Bremen 2024"]
[Site "Bremen"]
[Date "2024.03.08"]
[Round "7.2"]
[White "Teclaf, Pawel"]
[Black "Kopylov, Daniel"]
[Result "1-0"]
[ECO "A34"]
[WhiteElo "2556"]
[BlackElo "2346"]
[Annotator "TA"]
[PlyCount "55"]
[EventDate "2024.02.26"]
[EventType "swiss"]
[EventCountry "GER"]
[SourceTitle "playchess.com"]
[Source "ChessBase"]
[SourceQuality "1"]
[TimeControl "40/6000+30:1800+30"]

1. c4 c5 2. Nf3 Nf6 3. Nc3 d5 4. cxd5 Nxd5 5. e3 Nxc3 6. dxc3 Qc7 7. e4 Nc6 8. Be3 {[%emt 0:00:30] The position is equal.} e6 9. Nd2 Be7 10. Qg4 {[%emt 0:00:30][%cal Oe3f4] Strongly threatening Bf4!} O-O 11. Qg3 $36 {[%emt 0:00:30][%mdl 2048] White has some pressure.} Qxg3 12. hxg3 b6 13. f4 Bb7 14. g4 Rfd8 15. g5 Rd7 (15... Rac8 $142) 16. O-O-O $16 Rad8 17. Be2 Bf8 18. Rh3 Ne7 19. Rdh1 Rxd2 20. Bxd2 (20. Rxh7 $6 Rc2+ (20... Rxe2 21. Rh8#) 21. Kb1 Ng6 22. Kxc2 Bxe4+ 23. Kc1 Bxg2 $14) 20... Bxe4 21. Bf3 Bd3 22. Bd1 e5 (22... Be4 $142) 23. fxe5 {[%emt 0:02:19][%cal Oh3d3,Bf4e5,Be5e6][%mdl 32] And now Rxd3! would win.} Rd5 (23... Ng6 {was worth a try.} 24. Rxh7 Re8) 24. Bb3 c4 {[%emt 0:02:19] [#]} 25. Rxd3 $1 Rxd3 26. Bc2 ({But not} 26. Bxc4 Rd7 27. e6 Rxd2) 26... Rd8 27. Bxh7+ Kh8 {[%emt 0:00:30] [#]} 28. e6 $1 {[%emt 0:03:05][%mdl 512] Weighted Error Value: White=0.13 (very precise) /Black=0.37.  Mistake:       	---       	Black=3      Inaccurate:     	---       	Black=1      OK:         	White=11    	Black=5      Best:        	---       	Black=1      Brilliant:      	White=1     	---} 1-0

[Event "125-Jahre Werder Bremen 2024"]
[Site "Bremen"]
[Date "2024.03.08"]
[Round "7.3"]
[White "Plat, Vojtech"]
[Black "Gumularz, Szymon"]
[Result "1/2-1/2"]
[ECO "B50"]
[WhiteElo "2528"]
[BlackElo "2590"]
[Annotator "TA"]
[PlyCount "36"]
[EventDate "2024.02.26"]
[EventType "swiss"]
[EventCountry "GER"]
[SourceTitle "playchess.com"]
[Source "ChessBase"]
[SourceQuality "1"]
[TimeControl "40/6000+30:1800+30"]

1. e4 c5 2. Nf3 d6 3. c3 Nf6 4. Be2 Bd7 5. e5 dxe5 6. Nxe5 {[%emt 0:00:05] White wants to play Qb3.} Nc6 7. Nxd7 Qxd7 8. O-O e6 9. d3 Be7 10. Nd2 O-O 11. Ne4 Nd5 12. Re1 Rfd8 13. Bf1 Qc7 14. Qf3 Rd7 15. Ng5 Nf6 16. Ne4 {[%emt 0:00:42] The position is equal.} Nd5 17. Ng5 $1 Nf6 18. Ne4 Na5 {An uneventful encounter.   Weighted Error Value: White=0.07 (flawless) /Black=0.07 (flawless) .  Inaccurate:     	---       	Black=1      OK:         	White=3     	Black=3      Strong:       	White=1     	---} 1/2-1/2

[Event "125-Jahre Werder Bremen 2024"]
[Site "Bremen"]
[Date "2024.03.08"]
[Round "7.4"]
[White "Gloeckler, Christian"]
[Black "Cheng, Bobby"]
[Result "0-1"]
[ECO "B51"]
[WhiteElo "2356"]
[BlackElo "2584"]
[Annotator "TA"]
[PlyCount "70"]
[EventDate "2024.02.26"]
[EventType "swiss"]
[EventCountry "GER"]
[SourceTitle "playchess.com"]
[Source "ChessBase"]
[SourceQuality "1"]
[TimeControl "40/6000+30:1800+30"]

1. e4 c5 2. Nf3 d6 3. Bb5+ Nd7 4. Ba4 Ngf6 5. O-O e6 6. Re1 Be7 7. c4 O-O 8. Bc2 {[%emt 0:02:19] The position is equal.} Ne5 9. d3 b6 10. Nbd2 Nc6 11. Nf1 d5 12. e5 Ne8 13. Ng3 Nc7 14. Qe2 Ba6 15. Bd2 b5 16. b3 Bb7 17. Rad1 a5 18. cxd5 (18. d4 $11 {remains equal.}) 18... Qxd5 $17 {[%emt 0:05:08] [#] ...Nd4 would now be deadly. Black continues to play with concentration.} 19. Ne4 ({Better is} 19. Qe4) 19... Nxe5 20. Nxe5 Qxe5 21. Bc3 {[%emt 0:06:03] [#]} Qd5 {[%emt 0:05:02] ...f5 is the strong threat.} 22. f3 (22. Qg4 $17 Ne8 23. d4) 22... b4 $19 23. Bb2 Nb5 24. Qf2 Rfc8 25. Bb1 Rd8 26. Qg3 Nd4 27. Nd2 Bf6 {[%emt 0:02:33] aiming for ...Nf5.} 28. Nc4 Nf5 29. Qf2 Bh4 30. g3 Bf6 $36 {[%emt 0:00:02][%mdl 2048] White is under strong pressure.} 31. Bxf6 gxf6 32. Re4 (32. Nb6 $142 Qxf3 33. Qxf3 Bxf3 34. Nxa8 Bxd1 (34... Bxa8 $2 35. Rc1 $17) 35. Nb6) 32... Nd4 33. Qe3 $2 (33. Rf1) 33... Qh5 34. Rg4+ Kh8 35. Qf4 (35. Rf1) 35... Ne2+ {[%emt 0:00:46] Weighted Error Value: White=0.39/Black=0.11 (very precise) .  Mistake:       	White=6     	---        Inaccurate:     	---       	Black=1      OK:         	White=6     	Black=12     Best:        	White=1     	Black=2} 0-1